 Dungeon Crawl Stone Soup version 0.18.1-8-gdd0e5ea (webtiles) character file.

123 juanjsm the Sneak (level 4, 0/21 HPs)
             Began as a Spriggan Enchanter on June 8, 2016.
             Slain by a gnoll
             ... wielding a +0 spear
              (7 damage)
             ... on level 2 of the Dungeon.
             The game lasted 00:06:19 (1421 turns).

juanjsm the Sneak (Spriggan Enchanter)              Turns: 1421, Time: 00:06:20

Health: 0/21       AC:  3    Str:  4    XL:     4   Next: 79%
Magic:  1/9        EV: 19    Int: 17    God:
Gold:   97         SH:  0    Dex: 16    Spells: 3 memorised, 3 levels left

rFire  . . .     SeeInvis +     a - +1 dagger
rCold  . . .     Gourm    .     b - +1 robe
rNeg   . . .     Faith    .     (shield restricted)
rPois  .         Spirit   .     (helmet restricted)
rElec  .         Dismiss  .     (no cloak)
rCorr  .         Reflect  .     (gloves unavailable)
SustAt .         Harm     .     (boots unavailable)
MR     .....                    (no amulet)
Stlth  ++++......               (no ring)
                                (no ring)

@: very quick, not resistant to hostile enchantments, stealthy
A: unfitting armour, see invisible, herbivore 3, speed 3, slow metabolism 2
a: no special abilities


You were on level 2 of the Dungeon.
You were not hungry.

You visited 1 branch of the dungeon, and saw 4 of its levels.

You collected 97 gold pieces.

Inventory:

Hand Weapons
 a - a +1 dagger (weapon)
Armour
 b - a +1 robe (worn)
Jewellery
 k - an uncursed amulet of guardian spirit {unknown}
Scrolls
 e - a scroll of magic mapping {unknown}
 h - 3 scrolls of remove curse {unknown}
 i - a scroll of immolation {unknown}
 m - a scroll of enchant armour {unknown}
 p - 2 scrolls of identify {unknown}
Potions
 g - 3 potions of agility {unknown}
 j - a potion of curing {unknown}
 l - a potion of magic {unknown}
 n - a potion of degeneration {unknown}
 o - a potion of ambrosia {unknown}
 q - a potion of haste {unknown}
Books
 c - a book of Maledictions

   Spells                             Type                      Level
   a - Corona                         Hexes                        1
   b - Ensorcelled Hibernation        Hexes/Ice                    2
   c - Confuse                        Hexes                        3
   d - Tukima's Dance                 Hexes                        3
   e - Dazzling Spray                 Conjuration/Hexes            3
Comestibles
 d - a bread ration
 f - 4 fruits


   Skills:
 + Level 1.3 Short Blades
 + Level 4.0 Dodging
 + Level 6.3 Stealth
 + Level 3.3 Spellcasting
 + Level 4.4 Hexes
 + Level 0.7 Ice Magic


You had 3 spell levels left.
You knew the following spells:

 Your Spells              Type           Power        Failure   Level  Hunger
a - Corona                Hex            ###....      2%          1    None
b - Ensorcelled Hibernat  Hex/Ice        ##....       12%         2    ##.....
c - Confuse               Hex            ###.....     10%         3    ###....


Dungeon Overview and Level Annotations

Branches:
Dungeon (4/15)
 Temple: D:4-7

Altars:
Qazlal


Innate Abilities, Weirdness & Mutations

You are tiny and cannot use many weapons and most armour.
You have supernaturally acute eyesight.
You are a herbivore.
You cover ground extremely quickly.
You need consume almost no food.


Message History

Casting: Ensorcelled Hibernation
Confirm with . or Enter, or press ? or * to list all spells.
Aiming: Ensorcelled Hibernation
Press: ? - help, Shift-Dir - straight line, f/p - adder
Aim: an adder (chance to defeat MR: 50%)
The adder resists with some effort.
Your magical contamination has completely faded away.
You open the door. 4 gnolls come into view.
The gnoll shouts!
The gnoll hits you from afar with a halberd!
Ouch! That really hurt!
The gnoll shouts!
There is an open door here.
The gnoll shouts!
The gnoll misses you.
Read which item? (? for menu, Esc to quit)
Okay, then.
The gnoll misses you. The gnoll hits you with a spear!
You die...

# #......# # ######.## #
#..# # . ##.# #
..######## #S# #
.........### #.# ####
##......g..########.####
......h.
.......ggg.'S...........
###...h
###@...#########.### ..h
#....# #.# ###.. ######
#.# .#.. #<# #.### .#.#
# # #.# #...† .#.#.#.#
#.# +.... S...(..# #.#
.###.... .#...### ...
...#..†. .....# ...
........


You could see 4 gnolls and an adder.

Vanquished Creatures
  An orc priest (D:3)
  A gnoll (D:1)
  2 adders (D:2)
  2 oozes (D:1)
  A worm (D:2)
  A dart slug (D:1)
  4 giant geckos
  4 orcs (D:3)
  5 goblins (D:1)
  3 hobgoblins
  7 jackals
  A quokka (D:2)
  4 bats
  5 giant newts
  3 kobolds (D:1)
  4 rats
48 creatures vanquished.

Notes
Turn   | Place    | Note
--------------------------------------------------------------
     0 | D:1      | juanjsm the Spriggan Enchanter began the quest for the Orb.
     0 | D:1      | Reached XP level 1. HP: 9/9 MP: 5/5
   323 | D:1      | Reached XP level 2. HP: 13/13 MP: 7/7
   353 | D:1      | Learned a level 2 spell: Ensorcelled Hibernation
   450 | D:1      | Reached XP level 3. HP: 16/16 MP: 1/8
   455 | D:1      | Learned a level 3 spell: Confuse
   498 | D:2      | Found a stormy altar of Qazlal.
   549 | D:1      | Reached skill level 5 in Stealth
  1134 | D:3      | Reached XP level 4. HP: 21/21 MP: 9/9
  1135 | D:3      | Reached skill level 6 in Stealth
  1421 | D:2      | Slain by a gnoll

Skill      XL: |  1  2  3  4 |
---------------+-------------+-----
Spellcasting   | 3 |  3.3
Hexes          | 4 |  4.4
Stealth        | 5 6 |  6.3
Dodging        | 4 |  4.0
Short Blades   | |  1.3
Ice Magic      | |  0.7

Action                   |  1- 3 |  4- 6 || total
-------------------------+-------+-------++-------
Melee: Dagger            |    67 |    42 ||   109
 Cast: Corona            |     3 |       ||     3
       Ensorcelled Hiber |    11 |    12 ||    23
 Stab: Sleeping          |    26 |    14 ||    40
Armor: Robe              |     6 |     4 ||    10
Dodge: Dodged            |    33 |    32 ||    65
